 Dungeon Crawl Stone Soup version 0.26-a0-598-g61e6210cf4 (webtiles) character file.

Game seed: 6256950234480742037

10101 Brozuf the Transmogrifier (level 11, -8/114 HPs)
             Began as a Yellow Draconian Transmuter on Aug 28, 2020.
             Was an Elder of Fedhas.
             Mangled by a cane toad (25 damage)
             ... on level 1 of the Lair of Beasts.
             The game lasted 00:49:28 (20650 turns).

Brozuf the Transmogrifier (DrTm)                   Turns: 20650, Time: 00:49:29

Health: -8/114     AC:  6    Str: 14    XL:     11   Next: 31%
Magic:  13/15      EV: 10    Int: 16    God:    Fedhas [****..]
Gold:   297        SH:  0    Dex: 11    Spells: 6/16 levels left

rFire    x . .     SeeInvis .     - Unarmed
rCold    + + +     Faith    .   (shield currently unavailable)
rNeg     + . .     Spirit   .   (armour unavailable)
rPois    +         Reflect  .   (helmet currently unavailable)
rElec    .         Harm     .   (cloak currently unavailable)
rCorr    .                      (gloves currently unavailable)
MR       .....                  (boots currently unavailable)
Stlth    +.........             (no amulet)
HPRegen  0.29/turn              i - ring of positive energy
MPRegen  0.14/turn              (no ring)

@: lethally poisoned (-8 -> -14), ice-form
A: large, (spit acid), unfitting armour, AC +7
a: End Transformation, Wall of Briars, Grow Ballistomycete, Overgrow, Renounce
Religion


You were on level 1 of the Lair of Beasts.
You worshipped Fedhas.
Fedhas was greatly pleased with you.
You were a creature of crystalline ice.
You visited 3 branches of the dungeon, and saw 12 of its levels.

You collected 650 gold pieces.
You spent 353 gold pieces at shops.

Inventory:

Missiles
 f - 3 throwing nets (quivered) {!f}
Armour
 h - a +2 cloak of preservation (melded)
   (You took it off Crazy Yiuf on level 5 of the Dungeon)
 o - a +0 kite shield of cold resistance
   (You bought it in a shop on level 6 of the Dungeon)
Jewellery
 i - a ring of positive energy (left front paw)
   (You found it on level 6 of the Dungeon)
Wands
 d - a wand of iceblast (6)
   (You found it on level 8 of the Dungeon)
 m - a wand of enslavement (4)
   (You took it off Ijyb on level 4 of the Dungeon)
 r - a wand of polymorph (7)
   (You took it off a wight on level 8 of the Dungeon)
 v - a wand of digging (4)
   (You found it on level 9 of the Dungeon)
Scrolls
 b - 5 scrolls of remove curse {@r2}
 g - a scroll of enchant armour
 j - a scroll of magic mapping
 l - a scroll of teleportation {@r4}
 q - 2 scrolls of immolation {!r}
Potions
 c - a potion of magic
 e - 2 potions of heal wounds {@q2}
 k - 4 potions of curing {@q1}
 n - a potion of cancellation
 p - 3 potions of flight
 s - a potion of resistance
 u - a potion of brilliance
 x - a potion of stabbing
Miscellaneous
 w - a box of beasts (inert)
   (You found it on level 8 of the Dungeon)


   Skills:
 + Level 8.8 Fighting
 - Level 1.7 Dodging
 * Level 8.3 Shields
 - Level 7.0 Unarmed Combat
 - Level 3.0 Spellcasting
 - Level 10.2 Transmutations
 - Level 4.0 Ice Magic
 - Level 4.0 Poison Magic
 + Level 2.5 Invocations


You had 6 spell levels left.
You knew the following spells:

 Your Spells              Type           Power        Failure   Level
a - Beastly Appendage     Tmut           #####.       1%          1
b - Wereblood             Tmut           #####...     1%          2
c - Ice Form              Ice/Tmut       ####....     10%         4
x - Spider Form           Tmut/Pois      ####......   3%          3

Your spell library contained the following spells:

 Spells                   Type           Power        Failure   Level
 Freeze                   Ice            ###.         3%          1
 Blade Hands              Tmut           #####.....   8%          5
 Frozen Ramparts          Ice            ###...       11%         3
 Ozocubu's Armour         Ice            ###.....     11%         3
 Animate Skeleton         Necr           #.....       19%         1
 Pain                     Necr           #...         19%         1
 Vampiric Draining        Necr           #.........   50%         3
 Hailstorm                Conj/Ice       #.......     63%         4
 Summon Ice Beast         Ice/Summ       #.......     63%         4
 Animate Dead             Necr           #.........   88%         4
 Agony                    Necr           #.......     99%         5


Dungeon Overview and Level Annotations

Branches:
Dungeon (10/15)            Temple (1/1) D:4            Lair (1/6) D:10
    Orc (0/2) D:10

Altars:
Ashenzari
Cheibriados
Dithmenos
Elyvilon
Fedhas
Gozag
Hepliaklqana
Kikubaaqudgha
Makhleb
Nemelex Xobeh
Okawaru
Qazlal
Ru
Trog
Uskayaw
Vehumet
Wu Jian
Xom
Yredelemnul
Zin
The Shining One
Beogh

Shops:
D:4 ?   D:6 [   D:7 [(   D:8 *   D:10 [

Annotations:
D:4 exclusion: downstairs, Menkaure
D:5 Eustachio
D:9 2 transporters
D:10 Nergalle


Innate Abilities, Weirdness & Mutations

((You can spit globs of acid.))
((Your golden yellow scales are hard. (AC +7)))
You cannot fit into any form of body armour.
((You are cold-blooded and may be slowed by cold attacks.))
((You are resistant to acid. (rCorr)))


Message History

Found 3 javelins.
An electric eel comes into view.
You see here a book of Frost.
You pick up a book of Frost and begin reading...
You add the spells Freeze, Frozen Ramparts, Ozocubu's Armour, Hailstorm and Summon Ice Beast to your library.
The electric eel shoots out a bolt of lightning at you!
The bolt of electricity misses you.
Aiming: Throw Flame
Aim: an electric eel The puff of flame misses the electric eel.
The now-empty wand crumbles to dust.
The electric eel is engulfed in a cloud of scalding steam.
The electric eel shoots out a bolt of lightning at you!
The bolt of electricity hits you.
A porcupine comes into view.
Found an escape hatch in the floor.
You start resting.
HP restored.
A porcupine is nearby!
A porcupine is nearby!
Casting: Ice Form (dangerous; 10% risk of failure)
You turn into a creature of crystalline ice.
Your +2 cloak of preservation melds into your body.
A cane toad comes into view.
The porcupine barely misses you.
You hit the porcupine but do no damage.
The cane toad gives a loud, deep croak!
The porcupine bites you!
You are struck by the porcupine's spines.
You barely miss the porcupine. The porcupine closely misses you.
You pummel the porcupine!! You freeze the porcupine.
You kill the porcupine!
Fedhas accepts your kill. The cane toad stings you! The cane toad stings you!!
You hit the cane toad.
The cane toad seems to slow down.
You freeze the cane toad. You hit the cane toad but do no damage.
The cane toad completely misses you.
You hit the cane toad but do no damage. The cane toad stings you!
* * * LOW HITPOINT WARNING * * *
You hit the cane toad but do no damage. You barely miss the cane toad.
The cane toad stings you!
* * * LOW HITPOINT WARNING * * *
You are poisoned.
The cane toad poisons you!
You pummel the cane toad!! You freeze the cane toad.
You feel sick.
The cane toad is no longer moving slowly.
The cane toad stings you!!
* * * LOW HITPOINT WARNING * * *
You feel sick. The cane toad stings you!!
You die...
Fedhas appreciates your contribution to the ecosystem.

...................
.......#..#.#....#
..............##.###
#..................#
#........≈.<.≈≈≈.#.#
#.......≈≈≈≈.≈≈≈...#
#......≈≈≈≈≈≈≈≈≈≈..#
#......≈≈≈≈≈≈≈≈≈≈.##
#.......≈≈≈≈≈≈≈≈Y#$#
........≈≈≈≈≈≈≈.F###
#.........≈≈≈≈....#
.#.#................#
....................#
....................#
..r.................#
....................#
..##................#


You could see a cane toad.

Vanquished Creatures
  Harold (D:7)
  2 two-headed ogres
  Grinder (D:5)
  2 hippogriffs
  Sigmund (D:5)
  A vampire (D:10)
  2 humans (D:8)
  4 yaks
  2 wyverns
  A basilisk (D:10)
  3 porcupines
  3 black bears
  2 ice beasts
  4 orc warriors
  3 phantoms
  4 ogres
  3 necrophages (D:9)
  3 crocodiles (D:10)
  10 centaurs
  A big kobold (D:8)
  5 bullfrogs
  A gnoll sergeant (D:6)
  A scorpion (D:10)
  17 wights
  3 howler monkeys (D:10)
  An electric eel (Lair:1)
  2 bullfrog zombies (D:9)
  Crazy Yiuf (D:5)
  9 hounds
  2 jellies
  11 orc priests
  5 iguanas
  Ijyb (D:4)
  6 orc wizards
  9 worker ants
  A killer bee zombie (D:9)
  A hound skeleton (D:6)
  3 mummies (D:9)
  A worker ant zombie (D:8)
  Robin (D:2)
  10 adders
  7 gnolls
  4 howler monkey skeletons
  A howler monkey zombie (D:5)
  2 shadow imps
  2 white imps
  4 oozes
  7 ufetubi
  2 adder zombies
  5 worms
  2 adder skeletons (D:6)
  3 dart slugs
  6 leopard geckos
  43 orcs
  5 giant cockroaches
  21 goblins
  10 hobgoblins
  6 jackals
  8 kobolds
  7 quokkas
  3 ball pythons
  9 bats
  4 frilled lizards
  A quokka skeleton (D:9)
  20 rats
326 creatures vanquished.

Vanquished Creatures (others)
  3 bushes (D:10)
  5 fungi (D:10)
  21 plants (D:10)
  7 withered plants (D:9)
36 creatures vanquished.

Grand Total: 362 creatures vanquished

Notes
Turn   | Place    | Note
-------+----------+-------------------------------------------
     0 | D:1      | Brozuf the Draconian Transmuter began the quest for the
                  | Orb.
     0 | D:1      | Reached XP level 1. HP: 16/16 MP: 3/3
   194 | D:1      | Reached XP level 2. HP: 16/23 MP: 3/5
   286 | D:1      | Learned a level 2 spell: Wereblood
   758 | D:1      | Reached XP level 3. HP: 29/29 MP: 4/6
  1162 | D:2      | Noticed Robin
  1438 | D:2      | Reached skill level 3 in Transmutations
  1846 | D:2      | Reached XP level 4. HP: 24/36 MP: 5/7
  2394 | D:2      | Killed Robin
  2619 | D:2      | Found a blossoming altar of Fedhas.
  2909 | D:2      | Reached XP level 5. HP: 22/42 MP: 6/9
  3528 | D:3      | Found an ornate altar of the Wu Jian Council.
  3612 | D:3      | Reached skill level 4 in Transmutations
  4303 | D:3      | Learned a level 3 spell: Spider Form
  4330 | D:4      | Found Gostiodgh's Magic Scroll Boutique.
  4449 | D:4      | Bought a scroll of magic mapping for 38 gold pieces
  4449 | D:4      | Bought a scroll of identify for 22 gold pieces
  4449 | D:4      | Bought a scroll of identify for 22 gold pieces
  4449 | D:4      | Bought a scroll of teleportation for 33 gold pieces
  4484 | D:4      | Bought a scroll of identify for 22 gold pieces
  4534 | D:4      | Reached XP level 6. HP: 41/51 MP: 7/10
  5091 | D:4      | Noticed Ijyb
  5147 | D:4      | Killed Ijyb
  5147 | D:4      | Reached skill level 1 in Poison Magic
  5441 | D:4      | Reached skill level 5 in Transmutations
  5441 | D:4      | Your scales start taking on a golden yellow colour.
  5441 | D:4      | Reached XP level 7. HP: 58/58 MP: 7/11
  5441 | D:4      | Gained mutation: You are resistant to acid. (rCorr) [Yellow
                  | Draconian growth]
  5868 | D:4      | Found a staircase to the Ecumenical Temple.
  5880 | Temple   | Entered the Ecumenical Temple
  5953 | Temple   | Became a worshipper of Fedhas Madash
  6106 | D:4      | Noticed Menkaure
  6234 | D:5      | Entered Level 5 of the Dungeon
  6374 | D:5      | Found a glowing silver altar of Zin.
  6375 | D:5      | Found an opulent altar of Gozag.
  6792 | D:5      | Reached skill level 6 in Transmutations
  6865 | D:5      | Noticed Grinder
  6880 | D:5      | Killed Grinder
  6880 | D:5      | Reached skill level 5 in Unarmed Combat
  6880 | D:5      | Reached XP level 8. HP: 46/67 MP: 8/12
  7311 | D:5      | Noticed Eustachio
  7533 | D:5      | Found a snail-covered altar of Cheibriados.
  7673 | D:5      | Reached * piety under Fedhas
  7714 | D:5      | Noticed Sigmund
  7720 | D:5      | Killed Sigmund
  7720 | D:5      | Reached skill level 5 in Fighting
  7771 | D:5      | Found a runed translucent door.
  7772 | D:5      | Noticed Crazy Yiuf
  7880 | D:5      | Paralysed by Crazy Yiuf for 7 turns
  7882 | D:5      | Killed Crazy Yiuf
  7882 | D:5      | Reached skill level 7 in Transmutations
  8865 | D:6      | Reached XP level 9. HP: 72/75 MP: 8/13
  9012 | D:6      | Found Iwkat's Armour Shoppe.
  9015 | D:6      | Bought a +0 kite shield of cold resistance for 138 gold
                  | pieces
  9180 | D:6      | Reached skill level 8 in Transmutations
  9223 | D:6      | Reached skill level 1 in Shields
  9260 | D:6      | Found a bloodstained altar of Trog.
 10209 | D:7      | Found Zaxaud Xere's Armour Shop.
 10387 | D:7      | Reached ** piety under Fedhas
 10664 | D:7      | Found Maedd's Weapon Emporium.
 10693 | D:7      | Noticed Harold
 11079 | D:7      | Killed Harold
 11079 | D:7      | Reached skill level 9 in Transmutations
 11587 | D:7      | Reached XP level 10. HP: 58/86 MP: 10/14
 11838 | D:8      | Found a radiant altar of Vehumet.
 12004 | D:8      | Found an iron altar of Okawaru.
 12429 | D:8      | Reached skill level 5 in Shields
 13004 | D:8      | Found a shimmering altar of Xom.
 13078 | D:8      | Found a hide-covered altar of Uskayaw.
 13079 | D:8      | Found a glowing golden altar of the Shining One.
 13167 | D:8      | Reached *** piety under Fedhas
 13225 | D:8      | Found Mugykino's Assorted Antiques.
 13231 | D:8      | Bought a potion of curing for 78 gold pieces
 13364 | D:8      | Learned a level 4 spell: Ice Form
 13365 | D:9      | Found a transporter.
 13780 | D:9      | Reached skill level 1 in Ice Magic
 14025 | D:9      | Found a roughly hewn altar of Beogh.
 14025 | D:9      | Found a transporter.
 14420 | D:9      | Found a white marble altar of Elyvilon.
 15121 | D:9      | Reached skill level 10 in Transmutations
 15478 | D:9      | Noticed a two-headed ogre
 16296 | D:9      | Killed a two-headed ogre
 16579 | D:10     | Entered Level 10 of the Dungeon
 16776 | D:10     | Reached **** piety under Fedhas
 17051 | D:10     | Found a staircase to the Orcish Mines.
 17073 | D:10     | Noticed a two-headed ogre
 17079 | D:10     | HP: 3/86 [two-headed ogre/+0 giant club (25)]
 17708 | D:10     | Reached XP level 11. HP: 79/95 MP: 12/15
 17853 | D:10     | Reached skill level 1 in Invocations
 17990 | D:10     | Found a staircase to the Lair.
 18083 | D:10     | Found Tigg's Specialty Armours.
 18199 | D:10     | Noticed Nergalle
 19540 | D:10     | Killed a two-headed ogre
 20515 | Lair:1   | Entered Level 1 of the Lair of Beasts
 20650 | Lair:1   | Mangled by a cane toad

Illustrated notes

Levels and vault maps discovered:
D:1:      lightli_arrival_statue_moat, layout_loops_ring
D:2:      layout_loops_cross, minmay_fountain_box, lemuel_altar_in_water,
          uniq_robin
D:3:      layout_basic, lemuel_doored_altar, minmay_rat_hole
D:4:      layout_basic, lemuel_blue_sif_altar, temple_pool_b, serial_shops,
          shop_scrolls, uniq_natasha, uniq_menkaure, uniq_ijyb
D:5:      layout_gridville, grunt_temple_overflow_gold_and_silver,
          cheibriados_altar_1, uniq_grinder, uniq_sigmund, uniq_eustachio,
          uniq_crazy_yiuf_cottage
D:6:      layout_cave_pools, trog_ov_bears_minmay, serial_shops,
          nicolae_shop_behind_doors
D:7:      minmay_klotski, layout_basic, serial_shops,
          nicolae_shop_window_shopping, shop, uniq_harold
D:8:      layout_layer_cave, okawaru_humans, fiery_altar_vehumet,
          kennysheep_little_box, gammafunk_temple_overflow_wave, serial_shops,
          shop, minmay_radiant
D:9:      gammafunk_beogh_shrine, layout_small_grid, marbit_many_paths,
          serial_undead, serial_undead_f, serial_undead_c, serial_undead_e,
          serial_undead_e, serial_undead_d, serial_undead_c, serial_undead_e,
          serial_undead_a
D:10:     layout_loops_corners, minmay_lair_entry_grove, hiddenorc1_lemuel,
          nicolae_barding_shop, uniq_nergalle
Temple:   cyrus_temple_forest
Lair:1:   layout_gridlike, special_room [special_room_bee],
          infiniplex_staircase_pool

Skill      XL: |  1  2  3  4  5  6  7  8  9 10 11 |
---------------+----------------------------------+-----
Transmutations | 3 4 5 6 7 9 10 | 10.2
Fighting       | 2 3 4 5 7 8 |  8.8
Spellcasting   | 3 |  3.0
Unarmed Combat | 4 5 6 7 |  7.0
Poison Magic   | 1 3 4 |  4.0
Shields        | 4 7 8 |  8.3
Ice Magic      | 3 4 |  4.0
Invocations    | 2 |  2.5
Dodging        | |  1.7

Action                   |  1- 3 |  4- 6 |  7- 9 | 10-12 || total
-------------------------+-------+-------+-------+-------++-------
Melee: Unarmed           |    95 |   259 |   345 |   423 ||  1122
       Headbutt          |    12 |    32 |    17 |    17 ||    78
       Kick              |    17 |    50 |    34 |    35 ||   136
       Tailslap          |     4 |    24 |    19 |    11 ||    58
       Punch             |       |     3 |     5 |       ||     8
 Cast: Beastly Appendage |    29 |    40 |    37 |    23 ||   129
       Wereblood         |       |    13 |     5 |     7 ||    25
       Spider Form       |       |     3 |    24 |    19 ||    46
       Ice Form          |       |       |       |    23 ||    23
 Abil: Breathe Acid      |       |       |     6 |     7 ||    13
       End Transformatio |       |       |       |     2 ||     2
Evoke: Wand              |       |     4 |     8 |     8 ||    20
       Box of beasts     |       |       |       |     3 ||     3
  Use: Scroll            |       |     5 |     6 |    11 ||    22
       Potion            |       |       |     1 |     2 ||     3
 Stab: Sleeping          |     1 |     1 |       |     1 ||     3
Armor: Skin              |    25 |    59 |    68 |    84 ||   236
Dodge: Dodged            |    49 |   136 |   219 |   220 ||   624
Block: Kite shield       |       |       |    24 |    74 ||    98

Table legend: (Time is in decaauts)
 A = Elapsed time spent in this place.
 B = Non-inter-level travel time spent in this place.
 C = Inter-level travel time spent in this place.
 D = Time resting spent in this place.
 E = Time spent auto-exploring this place.
 F = Levels seen in this place.
 G = Mean time per level.
                   A        B        C        D        E       F      G
               +--------+--------+--------+--------+--------+-----+--------+
         Total |  20580 |  19790 |    790 |   9977 |   5991 |  12 | 1715.0 |
       Dungeon |  20342 |  19579 |    763 |   9915 |   5922 |  10 | 2034.2 |
        Temple |    104 |     77 |     27 |      0 |     52 |   1 |  104.0 |
          Lair |    133 |    133 |      0 |     62 |     17 |   1 |  133.0 |
               +--------+--------+--------+--------+--------+-----+--------+

Top non-repeatable levels by time:
    D:10: 2981 daAuts
     D:8: 2902 daAuts
     D:9: 2747 daAuts
     D:2: 2043 daAuts
     D:5: 2031 daAuts
     D:4: 1987 daAuts
     D:6: 1717 daAuts
     D:7: 1608 daAuts
     D:1: 1254 daAuts
     D:3: 1067 daAuts
  Lair:1: 133 daAuts
  Temple: 104 daAuts
